 Dungeon Crawl Stone Soup version 0.32-a0-131-g9dbbe29261 (webtiles) character file.

Game seed: 3915090014793885328

2909 Pooter the Cleaver (level 9, -9/81 HPs)
             Began as a Minotaur Berserker on Feb 8, 2024.
             Was a Priest of Trog.
             Mangled by a sixfirhy (11 damage)
             ... on level 7 of the Dungeon on Feb 9, 2024.
             The game lasted 00:25:54 (5933 turns).

Pooter the Cleaver (Minotaur Berserker)             Turns: 5933, Time: 00:25:55

Health: -9/81      AC: 12    Str: 24    XL:     9   Next: 49%
Magic:  8/8        EV:  8    Int:  6    God:    Trog [***...]
Gold:   470        SH:  8    Dex: 16    Spells: 8/8 levels left

rFire   . . .        a - +1 mace (heavy)
rCold   + . .        f - +0 kite shield
rNeg    . . .        I - +2 chain mail {rC+}
rPois   .            (helmet restricted)
rElec   .            y - +1 cloak
rCorr   .            (no gloves)
SInv    .            (no boots)
Will    ++...        (no amulet) Stlth
                     w - +6 ring of dexterity
HPRegen 1.33/turn    (no ring)
MPRegen 0.11/turn

%: no passive effects
@: strong-willed, on berserk cooldown, regenerating, slowed, very slow
A: horns 2, retaliatory headbutt
a: Renounce Religion, Berserk, Trog's Hand


You were on level 7 of the Dungeon.
You worshipped Trog.
Trog was most pleased with you.
You visited 1 branch of the dungeon, and saw 7 of its levels.

You collected 470 gold pieces.

Inventory:

Hand Weapons
 a - a +1 heavy mace (weapon)
   (You took it off an orc on level 2 of the Dungeon)
 b - a +1 sling
   (You found it on level 1 of the Dungeon)
 k - a +0 hand axe
 l - a +0 battleaxe
   (You found it on level 2 of the Dungeon)
 H - a +1 heavy halberd
   (You found it on level 5 of the Dungeon)
 M - a +2 dire flail of draining
   (You took it off Edmund on level 6 of the Dungeon)
 O - a +0 shortbow
   (You found it on level 6 of the Dungeon)
Missiles
 x - 6 atropa-tipped darts
 C - 5 boomerangs (quivered)
 E - 8 poisoned darts
 Q - 36 stones
Armour
 f - a +0 kite shield (worn)
   (You found it on level 1 of the Dungeon)
 g - a +0 plate armour
   (You found it on level 1 of the Dungeon)
 y - a +1 cloak (worn)
   (You found it on level 4 of the Dungeon)
 I - a +2 chain mail of cold resistance (worn)
   (You found it on level 5 of the Dungeon)
 N - a +3 leather armour of fire resistance
   (You took it off Edmund on level 6 of the Dungeon)
Jewellery
 i - a ring of ice
   (You found it on level 1 of the Dungeon)
 w - a +6 ring of dexterity (left hand)
   (You found it on level 4 of the Dungeon)
Wands
 t - a wand of light (14)
   (You found it on level 3 of the Dungeon)
 u - a wand of paralysis (12)
   (You found it on level 5 of the Dungeon)
 D - a wand of digging (3)
   (You found it on level 5 of the Dungeon)
 J - a wand of roots (8)
   (You took it off a gnoll bouda on level 7 of the Dungeon)
 K - a wand of polymorph (2)
   (You found it on level 6 of the Dungeon)
Scrolls
 c - a scroll of enchant weapon
 d - a scroll of blinking
 m - a scroll of silence
 p - a scroll of poison {unknown}
 r - a scroll of vulnerability {unknown}
 s - a scroll of identify {unknown}
 v - a scroll of immolation {unknown}
 B - a scroll of fog {unknown}
 F - a scroll of torment {unknown}
 G - a scroll of teleportation {unknown}
 L - a scroll of enchant armour {unknown}
 P - a scroll of fear {unknown}
 R - a scroll of butterflies {unknown}
 S - a scroll of noise {unknown}
Potions
 e - a potion of curing {unknown}
 h - 2 potions of cancellation {unknown}
 j - a potion of might {unknown}
 n - a potion of lignification {unknown}
 o - 2 potions of heal wounds {unknown}
 q - a potion of mutation {unknown}
 z - a potion of ambrosia {unknown}
 A - a potion of degeneration {unknown}


   Skills:
 + Level 7.8 Fighting
 * Level 10.5 Axes
 * Level 3.3 Ranged Weapons
 - Level 5.1 Throwing
 - Level 2.4 Armour
 - Level 2.1 Dodging
 + Level 5.0 Evocations


You had 8 spell levels left.
You didn't know any spells.
Your spell library was empty.

Dungeon Overview and Level Annotations

Branches:
Dungeon (7/15) Zot: 25917  Temple (0/1) D:4

Altars:
Elyvilon
Fedhas
Makhleb
Okawaru
Uskayaw
Vehumet
The Shining One

Shops:
D:5 :

Annotations:
D:6 1 runed translucent door, Crazy Yiuf
D:7 2 transporters, Gangsterbeez's ghost, novice MiFi


Innate Abilities, Weirdness & Mutations

You have a pair of horns on your head.
You reflexively headbutt those who attack you in melee.


Message History

Your skin crawls.
You feel strong-willed.
A red film seems to cover your vision as you go berserk!
You feel yourself moving faster!
You feel mighty!
The door flies open with a bang!
You feel a strong urge to attack something.
The white imp shouts, "Flounder, thou craven full-gorged death-token!"
You hear a shout!
The sixfirhy closely misses you.
The sixfirhy hits you but does no damage.
You miss the sixfirhy. The sixfirhy hits you. The sixfirhy shocks you!
You closely miss the sixfirhy. You closely miss the sixfirhy.
The sixfirhy hits you but does no damage.
The sixfirhy hits you! The sixfirhy shocks you! The sixfirhy hits you!
The sixfirhy shocks you! The sixfirhy completely misses you.
You furiously retaliate!
You headbutt the sixfirhy! You hit the sixfirhy but do no damage.
The sixfirhy hits you. The sixfirhy shocks you!
* * * LOW HITPOINT WARNING * * *
The sixfirhy hits you!
* * * LOW HITPOINT WARNING * * *
The sixfirhy shocks you!
* * * LOW HITPOINT WARNING * * *
The sixfirhy hits you but does no damage.
You block the sixfirhy's attack.
You miss the sixfirhy. You miss the sixfirhy.
The ogre shouts!
Your headbutt misses the sixfirhy.
Something shouts, "Out, out, thou canting dread-bolted nert!"
You bludgeon the sixfirhy!! Your headbutt misses the sixfirhy.
The sixfirhy hits you!
* * * LOW HITPOINT WARNING * * *
The sixfirhy shocks you!
* * * LOW HITPOINT WARNING * * *
The sixfirhy barely misses you. x2; You block the sixfirhy's attack. x2
You barely miss the sixfirhy.
You are no longer berserk.
You are exhausted.
You feel yourself slow down. The sixfirhy completely misses you.
The sixfirhy hits you.
* * * LOW HITPOINT WARNING * * *
The sixfirhy shocks you!
* * * LOW HITPOINT WARNING * * *
The sixfirhy closely misses you.
You thump the sixfirhy! The sixfirhy barely misses you. The sixfirhy hits you.
* * * LOW HITPOINT WARNING * * *
The sixfirhy shocks you!
You die...

#..##...#.$.#.#.............# #
....##$##....##..#.....#.########
#..#.##.$#5.##..##.......#.......
##ß.~....Tß##..#####...###.###...
(##......~##...#####)..# #.###...
..##.###Y##..#.#.......###.##....
...##FB5##.......###.(........[..
....#####........3$#))..)....#.##
................@###)..).........
.........#######.....÷)########..
...#####.# ###......# #.. ##>#
#.### #.#....# ##. ...# #...#
#.#....# ## .#.## ###.# ##.#.?..#
# ....# #.# ##..#....# #
....######.# ##........## #
...........# ##..........# #


You could see a troll and a sixfirhy.

Vanquished Creatures
  Grinder (D:4)
  Edmund (D:6)
  A water moccasin (D:6)
  5 black bears
  An ice beast (D:6)
  2 ogres
  4 phantoms
  A bullfrog (D:6)
  A scorpion (D:5)
  4 wights (D:7)
  6 killer bees (D:7)
  2 howler monkeys (D:7)
  4 jellies
  2 hounds
  An orc priest (D:5)
  A gnoll bouda (D:7)
  A sleepcap (D:7)
  6 iguanas
  3 orc wizards (D:6)
  The ghost of DeathSocks the Sneak, a weakling VSDe (D:5)
  11 adders
  8 gnolls
  A white imp (D:7)
  3 ufetubi
  2 ribbon worms
  4 dart slugs
  13 orcs
  3 ball pythons (D:1)
  7 endoplasms
  3 giant cockroaches
  5 hobgoblins
  3 jackals (D:3)
  7 quokkas
  4 bats
  2 frilled lizards
  3 goblins
  10 kobolds
  6 rats
143 creatures vanquished.

Vanquished Creatures (others)
  2 vine stalkers (D:1)
  A formicid (D:1)
  2 spriggans (D:1)
  An elf (D:1)
  3 demigods (D:1)
  3 onis (D:1)
  A mummy (D:1)
  An orc (D:1)
  A kobold (D:1)
  4 tentacles (D:1)
19 creatures vanquished.

Grand Total: 162 creatures vanquished

Notes
Turn   | Place    | Note
-------+----------+-------------------------------------------
     0 | D:1      | Pooter the Minotaur Berserker began the quest for the Orb.
     0 | D:1      | Reached XP level 1. HP: 19/19 MP: 0/0
     2 | D:1      | Noticed a formicid
     2 | D:1      | Noticed a vine stalker
     2 | D:1      | Noticed a demigod
     2 | D:1      | Noticed a spriggan
     2 | D:1      | Noticed an oni
     2 | D:1      | Noticed a kraken
     2 | D:1      | Noticed a demigod
     2 | D:1      | Noticed a demigod
     2 | D:1      | Noticed a spriggan
     2 | D:1      | Noticed a vine stalker
     2 | D:1      | Noticed an oni
     2 | D:1      | Noticed an elf
     2 | D:1      | Noticed an oni
     3 | D:1      | Killed an oni
     4 | D:1      | Killed a demigod
     4 | D:1      | Killed a demigod
     5 | D:1      | Killed a spriggan
     6 | D:1      | Killed a demigod
     7 | D:1      | Killed an oni
     8 | D:1      | Killed a formicid
     8 | D:1      | Killed a vine stalker
     9 | D:1      | Killed an elf
     9 | D:1      | Killed a vine stalker
    10 | D:1      | Killed an oni
    10 | D:1      | Killed a spriggan
   208 | D:1      | Reached XP level 2. HP: 22/27 MP: 1/1
   268 | D:1      | Reached skill level 4 in Axes
   553 | D:1      | Reached skill level 1 in Throwing
   587 | D:1      | Reached XP level 3. HP: 32/33 MP: 2/2
   700 | D:1      | Reached ** piety under Trog
   988 | D:2      | Reached skill level 1 in Evocations
  1326 | D:2      | Reached XP level 4. HP: 37/40 MP: 3/3
  1663 | D:2      | Found a faded altar of an unknown god.
  2206 | D:3      | Reached skill level 5 in Axes
  2281 | D:4      | Noticed an ogre
  2286 | D:4      | Killed an ogre
  2287 | D:4      | Reached XP level 5. HP: 47/47 MP: 4/4
  2354 | D:4      | Noticed Grinder
  2380 | D:4      | Paralysed by Grinder for 4 turns
  2386 | D:4      | Killed Grinder
  2387 | D:4      | Reached skill level 5 in Fighting
  2387 | D:4      | Reached skill level 6 in Axes
  2387 | D:4      | Reached XP level 6. HP: 14/56 MP: 5/5
  2545 | D:4      | Found a staircase to the Ecumenical Temple.
  2725 | D:4      | Reached XP level 7. HP: 51/61 MP: 6/6
  3334 | D:5      | Entered Level 5 of the Dungeon
  3378 | D:5      | Reached skill level 7 in Axes
  3589 | D:5      | Found a burning altar of Makhleb.
  3685 | D:5      | Identified the +0 leather armour of Recklessness {Harm rC-
                  | Will+++ rCorr Int-5}
  3867 | D:5      | Found a runed translucent door.
  3867 | D:5      | Noticed DeathSocks's ghost (weakling VSDe)
  3874 | D:5      | Killed DeathSocks's ghost
  3916 | D:5      | Reached skill level 8 in Axes
  3916 | D:5      | Reached XP level 8. HP: 38/70 MP: 7/7
  3996 | D:5      | Reached *** piety under Trog
  4166 | D:5      | Reached skill level 9 in Axes
  4238 | D:5      | Found Keceirif's Book Shop.
  4315 | D:6      | Identified the +0 rapier of Coaddutu {elec, *Rage +Blink
                  | Int+6}
  4454 | D:6      | Reached skill level 5 in Throwing
  4489 | D:6      | Noticed Edmund
  4499 | D:6      | Killed Edmund
  4500 | D:6      | Reached XP level 9. HP: 79/79 MP: 8/8
  4586 | D:6      | Found a runed translucent door.
  4587 | D:6      | Noticed Crazy Yiuf
  4955 | D:7      | Found a runed translucent door.
  4955 | D:7      | Noticed a sixfirhy
  4964 | D:7      | Reached skill level 1 in Ranged Weapons
  4965 | D:7      | Reached skill level 10 in Axes
  5120 | D:7      | Found an iron altar of Okawaru.
  5127 | D:7      | Found a hide-covered altar of Uskayaw.
  5242 | D:7      | Found a blossoming altar of Fedhas.
  5246 | D:7      | Found a radiant altar of Vehumet.
  5249 | D:7      | Found a white marble altar of Elyvilon.
  5254 | D:7      | Found a glowing golden altar of the Shining One.
  5366 | D:7      | Found a transporter.
  5366 | D:7      | Found a transporter.
  5442 | D:7      | Noticed a boulder beetle
  5448 | D:7      | Noticed Gangsterbeez's ghost (novice MiFi)
  5465 | D:7      | Noticed a troll
  5659 | D:7      | Reached skill level 5 in Evocations
  5932 | D:7      | HP: 1/81 [sixfirhy (9)]
  5933 | D:7      | Mangled by a sixfirhy

Illustrated notes

Levels and vault maps discovered:
D:1:      nicolae_arrival_kraken_aquarium_b, layout_basic, serial_curves,
          eino_curves_04, eino_curves_04, eino_curves_03,
          chequers_serial_rivers_micro_c
D:2:      minmay_diamond_boxcup, layout_loops_corners,
          dreamdust_ecumenical_altar_angels_and_demons
D:3:      layout_rooms, kennysheep_big_empty_room
D:4:      layout_basic, minmay_temple_entry_arrows,
          hangedman_decor_diamond_cutter, uniq_grinder
D:5:      layout_cave_pools, mainiacjoe_overflow_cross_hatched, serial_shops,
          nicolae_shop_real_fake_doors, ebering_ghost_reflecting_pool,
          minmay_joined_circles
D:6:      layout_rooms, uniq_crazy_yiuf_cottage, uniq_edmund
D:7:      cheibrodos_shockbox, layout_loops_cross,
          nicolae_overflow_hallway_of_the_gods, nzn_ghost_randoct

Skill      XL: |  1  2  3  4  5  6  7  8  9 |
---------------+----------------------------+-----
Axes           | 4 5 6 8 9 10 | 10.5
Throwing       | 1 2 3 5 |  5.1
Fighting       | 4 5 6 7 |  7.8
Evocations     | 1 2 3 4 5 |  5.0
Ranged Weapons | 3 |  3.3
Armour         | |  2.4
Dodging        | |  2.1

Action                     |  1- 3 |  4- 6 |  7- 9 || total
---------------------------+-------+-------+-------++-------
  Melee: Hand axe          |    68 |       |       ||    68
         Headbutt          |     2 |     7 |    27 ||    36
         Mace              |    19 |    50 |   161 ||   230
   Fire: Sling             |     9 |    29 |    41 ||    79
  Throw: Stone             |       |       |     1 ||     1
 Invoke: Berserk           |       |     2 |     4 ||     6
         Trog's Hand       |       |     1 |     7 ||     8
  Evoke: Wand              |       |     1 |    18 ||    19
    Use: Scroll            |     2 |       |     2 ||     4
   Stab: Paralysed         |       |       |     4 ||     4
 Armour: Chain mail        |    23 |       |    87 ||   110
         Plate armour      |    36 |    83 |   113 ||   232
  Dodge: Dodged            |    38 |    16 |    73 ||   127
  Block: Kite shield       |    17 |    27 |    97 ||   141

Table legend: (Time is in decaauts)
 A = Elapsed time spent in this place.
 B = Non-inter-level travel time spent in this place.
 C = Inter-level travel time spent in this place.
 D = Time resting spent in this place.
 E = Time spent auto-exploring this place.
 F = Levels seen in this place.
 G = Mean time per level.
                   A        B        C        D        E       F      G
               +--------+--------+--------+--------+--------+-----+--------+
         Total |   6227 |   6135 |     92 |    968 |   3880 |   7 |  889.6 |
       Dungeon |   6227 |   6135 |     92 |    968 |   3880 |   7 |  889.6 |
               +--------+--------+--------+--------+--------+-----+--------+

Top non-repeatable levels by time:
     D:4: 1128 daAuts
     D:7: 1079 daAuts
     D:5: 1029 daAuts
     D:2: 946 daAuts
     D:1: 929 daAuts
     D:6: 650 daAuts
     D:3: 463 daAuts
